 Dungeon Crawl Stone Soup version 0.31-a0-876-gfe8ebadbca (webtiles) character file.

Game seed: 15380364900916065351

28 kae the Changeling (level 2, 0/22 HPs)
             Began as a Demigod Shapeshifter on Oct 13, 2023.
             Slain by a goblin
             ... wielding a +0 club
             ... led by Robin
              (3 damage)
             ... on level 2 of the Dungeon.
             The game lasted 00:00:42 (964 turns).

kae the Changeling (Demigod Shapeshifter)            Turns: 964, Time: 00:00:43

Health: 0/22       AC:  2    Str: 15    XL:     2   Next: 75%
Magic:  4/4        EV: 12    Int: 12    God:
Gold:   57         SH:  0    Dex: 13    Spells: 1/1 levels left

rFire   . .          .
                       - Unarmed
rCold   . . .        (no shield)
rNeg    . . .        a - +0 animal skin
rPois   .            (helmet currently unavailable)
rElec   .            (cloak currently unavailable)
rCorr   .            (gloves currently unavailable)
SInv    .            (boots currently unavailable)
Will    .....        (no amulet)
Stlth   +            (no ring)
HPRegen 0.23/turn    (no ring)
MPRegen 0.09/turn

%: no passive effects
@: beast-form
A: beast (slay +2), high MP 1, forlorn, divine attributes
a: Begin Untransformation


You were on level 2 of the Dungeon.
You were a hulking beast.
You visited 1 branch of the dungeon, and saw 2 of its levels.

You collected 57 gold pieces.


Innate Abilities, Weirdness & Mutations

You are a hulking beast.
Your limbs bulge with bestial killing power. (Slay +2)
You have an increased reservoir of magic. (+10% MP)
You shall have no god before yourself.
Your divine heritage dramatically boosts your attributes as you level up.


   Skills:
 - Level 0.8 Fighting
 - Level 1.7 Dodging
 - Level 2.6 Unarmed Combat
 + Level 3.6 Shapeshifting


You had one spell level left.
You didn't know any spells.
Your spell library was empty.

Inventory:

Missiles
 f - 3 stones
Armour
 a - a +0 animal skin (worn)
 e - a +2 pair of gloves
   (You found it on level 1 of the Dungeon)
Talismans
 c - a beast talisman (active)
 d - a flux talisman
Scrolls
 g - a scroll of blinking {unknown}
Potions
 b - a potion of lignification {!q}
 i - a potion of resistance {unknown}
 j - 2 potions of mutation {unknown}
 l - a potion of magic

Dungeon Overview and Level Annotations

Branches:
Dungeon (2/15) Zot: 11038

Annotations:
D:2 Robin

..................
#)#######.##.....#
#.# #.##.##..# #.#
#.##.##..#
#.#######.##.##..#
..........##.##..#
#.###............#
#.# #.######.###g#
## #.# #[#
#h####...# #.# #.#
#gg......# ..# #.#
######..... ###
#.# ### #.# #.#


You could see Robin and 2 goblins.


Message History

The ball python hisses angrily.
The giant cockroach closely misses you.
You punch the giant cockroach!
You kill the giant cockroach!
A ball python is nearby!
The ball python bites you but does no damage.
The ball python grabs you. The ball python constricts you.
You hit the ball python.
You kill the ball python!
Found a stone staircase leading up.
No target in view!
No target in view!
Key pressed, stopping explore.
No target in view!
No target in view!
g - a scroll labelled RYROAL YSURU No target in view!
No target in view!
A goblin comes into view. It is wielding a +0 dagger.
The goblin shouts!
You hear a shout! x5
A goblin is nearby!
You hit the goblin.
You kill the goblin!
A goblin comes into view. It is wielding a +0 dagger.
You see here a +0 dagger.
A goblin is nearby!
You hit the goblin.
You kill the goblin!
No target in view!
Robin, a hobgoblin and 3 goblins come into view.
Robin shouts!
The goblin shouts! x2; You hear a shout!
Things that are here:
a +0 dagger; a goblin corpse The goblin attacks as it pursues you!
The goblin barely misses you.
You see here a +0 dagger.
The goblin attacks as it pursues you! The goblin barely misses you.
There is a stone staircase leading up here.
The goblin barely misses you.
You climb upwards.
There is a stone staircase leading down here.
You barely miss the goblin. The goblin misses you.
You barely miss the goblin. The goblin closely misses you.
You closely miss the goblin. The goblin hits you but does no damage.
You hit the goblin. The goblin hits you but does no damage.
You barely miss the goblin. The goblin closely misses you.
You punch the goblin!
You kill the goblin!
No target in view!
No target in view!
There is an escape hatch in the floor here.
You slide downwards.
The hatch slams shut behind you.
Level annotation: Robin Robin is nearby!
Robin is nearby!
Robin is nearby!
You now have 57 gold pieces (gained 8).
You start waiting.
Robin is nearby!
There are no items here.
Robin roars a battlecry!
The goblins go into a battle-frenzy!
The goblin shouts!
You completely miss Robin. You punch Robin, but do no damage.
Robin completely misses you.
You hit Robin but do no damage. Robin hits you with a +0 club.
You barely miss Robin. 😕 HP[-5]
You take 5 damage, and now have 17/22 hp.
MASSIVE DAMAGE!! (PAUSE)
You hit Robin. Robin closely misses you. 😕 HP[+1]
You hit Robin. Robin misses you.
Unknown command.
You barely miss Robin.
Robin throws the goblin at you! 😕 HP[-1]
You take 1 damage, and now have 17/22 hp.
You hit Robin. The goblin closely misses you.
Unknown command.
You hit Robin.
The goblin hits you with a +0 club. 😮 HP[-2]
You take 2 damage, and now have 15/22 hp.
The goblin attacks as it pursues you! The goblin barely misses you.
The goblin hits you with a +0 club. Robin barely misses you.
You closely miss Robin. Robin hits you with a +0 club.
* * * LOW HITPOINT WARNING * * *
The goblin hits you with a +0 club.
* * * LOW HITPOINT WARNING * * *
The goblin misses you. 😨 HP[-6]
You take 6 damage, and now have 9/22 hp.
MASSIVE DAMAGE!! (PAUSE)
You hit Robin. The goblin closely misses you. The goblin barely misses you.
Unknown command.
You closely miss Robin. The goblin hits you with a +0 club.
* * * LOW HITPOINT WARNING * * *
Robin hits you with a +0 club.
* * * LOW HITPOINT WARNING * * *
The goblin hits you with a +0 club.
You die...

Skill      XL: |  1 |
---------------+----+-----
Shapeshifting  | 3 |  3.6
Fighting       | |  0.8
Dodging        | |  1.7
Unarmed Combat | |  2.6

Action                     || total
---------------------------++-------
  Melee: Unarmed           ||    77
         Punch             ||     1
    Use: Scroll            ||     3
   Stab: Sleeping          ||     2
 Armour: Animal skin       ||    37
  Dodge: Dodged            ||    58

Levels and vault maps discovered:
D:1:      erik_arrival_triangle_medium, layout_basic,
          chequers_serial_rivers_room_a, minivault_27
D:2:      layout_loops_ring, minmay_bisected, uniq_robin

Notes
Turn   | Place    | Note
-------+----------+-------------------------------------------
     0 | D:1      | kae the Demigod Shapeshifter began the quest for the Orb.
     0 | D:1      | Reached XP level 1. HP: 15/15 MP: 3/3
     0 | D:1      | magus.rc [v1.11.3]
   130 | D:1      | Reached skill level 3 in Shapeshifting
   222 | D:1      | Reached XP level 2. HP: 18/22 MP: 4/4
   909 | D:2      | Noticed Robin
   964 | D:2      | HP: 3/22 [Robin/+0 club (4)]
   964 | D:2      | Slain by a goblin

Vanquished Creatures
  3 bats
  5 endoplasms (D:1)
  2 giant cockroaches
  4 goblins
  A hobgoblin (D:1)
  2 kobolds (D:1)
  3 ball pythons
  A frilled lizard (D:1)
  3 rats
24 creatures vanquished.

Table legend:
 A = Non-vault XP
 B = Vault XP
 C = Vault XP percentage of total XP
 D = Non-vault monster count
 E = Vault monster count
 F = Vault count percentage of total count
                 A         B        C        D         E       F
            +---------+---------+-------+---------+---------+-------
      Total |      35 |       5 |  12.5 |      21 |       3 |  12.5
            +---------+---------+-------+---------+---------+-------
        D:1 |      29 |       2 |   6.5 |      17 |       1 |   5.6
        D:2 |       6 |       3 |  33.3 |       4 |       2 |  33.3
            +---------+---------+-------+---------+---------+-------

Skill      XL: |  1 |
---------------+----+-----
Shapeshifting  | 3 |  3.6
Fighting       | |  0.8
Dodging        | |  1.7
Unarmed Combat | |  2.6

Action                     || total
---------------------------++-------
  Melee: Unarmed           ||    77
         Punch             ||     1
    Use: Scroll            ||     3
   Stab: Sleeping          ||     2
 Armour: Animal skin       ||    37
  Dodge: Dodged            ||    58

Illustrated notes

Table legend:
 A = Kills in this place as a percentage of kills in the entire game.
 B = Kills by you in this place as a percentage of kills by you in the entire game.
 C = Kills by friends in this place as a percentage of kills by friends in the entire game.
 D = Other kills in this place as a percentage of other kills in the entire game.
 E = Experience gained in this place as a percentage of experience gained in the entire game.
 F = Experience gained in this place divided by the number of levels of this place that you have seen.
                   A       B       C       D       E      F
               +-------+-------+-------+-------+-------+----------------------
         Total | 100.0 | 100.0 |   N/A |   N/A | 100.0 |  20.0
       Dungeon | 100.0 | 100.0 |   N/A |   N/A | 100.0 |  20.0
               +-------+-------+-------+-------+-------+----------------------

Table legend: (Time is in decaauts)
 A = Elapsed time spent in this place.
 B = Non-inter-level travel time spent in this place.
 C = Inter-level travel time spent in this place.
 D = Time resting spent in this place.
 E = Time spent auto-exploring this place.
 F = Levels seen in this place.
 G = Mean time per level.
                   A        B        C        D        E       F      G
               +--------+--------+--------+--------+--------+-----+--------+
         Total |    960 |    943 |     17 |      5 |    752 |   2 |  480.0 |
       Dungeon |    960 |    943 |     17 |      5 |    752 |   2 |  480.0 |
               +--------+--------+--------+--------+--------+-----+--------+

Top non-repeatable levels by time:
     D:1: 834 daAuts
     D:2: 126 daAuts
